 Dungeon Crawl Stone Soup version 0.29-a0-664-gff9cad4a3d (webtiles) character file.

Game seed: 15303634465284701109

128 frimble the Bolt Thrower (level 5, 0/42 HPs)
             Began as a Formicid Hunter on June 23, 2022.
             Slain by a river rat (7 damage)
             ... on level 3 of the Dungeon.
             The game lasted 00:02:41 (2656 turns).

frimble the Bolt Thrower (Formicid Hunter)          Turns: 2656, Time: 00:02:41

Health: 0/42       AC:  3    Str: 16    XL:     5   Next: 34%
Magic:  5/5        EV: 12    Int: 10    God:
Gold:   553        SH:  0    Dex: 17    Spells: 4/4 levels left

rFire   . . .      SeeInvis +   a - +1 hand crossbow
rCold   . . .      Faith    .   (no shield)
rNeg    . . .      Spirit   .   b - +0 leather armour
rPois   .          Reflect  .   (helmet unavailable)
rElec   .          Harm     .   (no cloak)
rCorr   .          Rampage  .   (no gloves)
Will    .....                   (no boots)
Stlth   +.........              (no amulet)
HPRegen 0.14/turn               (no ring)
MPRegen 0.09/turn               (no ring)

@: very slow
A: permanent stasis, dig shafts and tunnels, antennae 3, four strong arms
a: Dig, Shaft Self


You were on level 3 of the Dungeon.
You visited 1 branch of the dungeon, and saw 3 of its levels.

You collected 616 gold pieces.
You spent 63 gold pieces at shops.

Inventory:

Hand Weapons
 a - a +1 hand crossbow (weapon)
Missiles
 f - 2 throwing nets
Armour
 b - a +0 leather armour (worn)
Scrolls
 c - a scroll of immolation
 g - a scroll of vulnerability {unknown}
Potions
 d - a potion of heal wounds {unknown}
 e - a potion of lignification
 h - a potion of flight {unknown}
 i - a potion of cancellation {unknown}
 j - 2 potions of attraction {unknown}
 k - a potion of curing {unknown}


   Skills:
 + Level 4.2 Fighting
 + Level 5.2 Crossbows
 - Level 1.8 Dodging
 - Level 1.3 Stealth


You had 4 spell levels left.
You didn't know any spells.
Your spell library contained the following spells:

 Spells                   Type           Power      Damage    Failure   Level
 Apportation              Tloc           0%         N/A       43%         1
 Ensorcelled Hibernation  Hex/Ice        0%         N/A       56%         2
 Poisonous Vapours        Pois/Air       0%         N/A       56%         2
 Gell's Gravitas          Tloc           0%         N/A       80%         3
 Spider Form              Tmut/Pois      0%         N/A       80%         3
 Teleport Other           Tloc           0%         N/A       80%         3
 Anguish                  Hex/Necr       0%         N/A       99%         4
 Corpse Rot               Necr/Pois/Air  0%         N/A       99%         4
 Alistair's Intoxication  Tmut/Pois      0%         N/A       100%        5
 Dispersal                Tloc           0%         N/A       100%        6


Dungeon Overview and Level Annotations

Branches:
Dungeon (3/15)

Altars:

Shops:
D:2 *


Innate Abilities, Weirdness & Mutations

You cannot be hasted, slowed, berserked, paralysed or teleported.
You can dig through walls and to a lower floor.
You have a pair of large antennae on your head. (SInv)
Your four strong arms can wield two-handed weapons with a shield.


Message History

You kill the adder!
You feel sick.
Shoot: a) +1 hand crossbow
Press: ? - help, Q - select action, (/) - cycle Shift-Dir - straight line, f - you Really target yourself?
Okay, then.
Unknown command.
You feel sick.
You feel sick.
You feel sick.
You are no longer poisoned.
You hear the rusting of a drain.
A river rat comes into view.
Shoot: a) +1 hand crossbow
Press: ? - help, Q - select action, (/) - cycle Shift-Dir - straight line, f - river rat
Aim: a river rat (asleep, 98% to hit)
You shoot a bolt. The bolt hits the river rat.
The river rat is heavily wounded.
Shoot: a) +1 hand crossbow
Press: ? - help, Q - select action, (/) - cycle Shift-Dir - straight line, f/p - river rat
Aim: a river rat (heavily wounded, 63% to hit)
You shoot a bolt. The bolt hits the river rat.
The river rat is almost dead.
The river rat closely misses you. The river rat bites you!
* * * LOW HITPOINT WARNING * * *
Shoot: a) +1 hand crossbow
Press: ? - help, Q - select action, (/) - cycle Shift-Dir - straight line, f/p - river rat
Aim: a river rat (almost dead, 63% to hit)
You shoot a bolt.
The bolt hits the river rat but does no damage.
The river rat is almost dead.
The river rat bites you but does no damage.
Shoot: a) +1 hand crossbow
Press: ? - help, Q - select action, (/) - cycle Shift-Dir - straight line, f/p - river rat
Aim: a river rat (almost dead, 63% to hit)
You shoot a bolt.
The bolt hits the river rat but does no damage.
The river rat is almost dead.
The river rat bites you!
You die...

##.....> #.....##
##....# #....#
#########).### ########
#.....###.....
#≈#≈≈#≈###...<.........
#≈#≈##≈r≈#.......##....
#≈#≈##@# #.......##.#..
#≈#≈≈#≈# #.......##.###
#≈##≈#≈#{#.....####.#
#≈≈≈≈#≈#{#..†....##.#
####≈#≈# #.....#....#
#≈≈≈≈≈≈# #..#.####..# #
#≈########....# .#
####.#≈≈≈≈≈≈≈≈≈....# .
#....####≈#≈#≈≈......#


You could see a river rat.

Vanquished Creatures
  Terence (D:3)
  6 adders
  3 worms
  3 ball pythons
  2 endoplasms
  A giant cockroach (D:2)
  3 goblins
  5 hobgoblins
  3 jackals (D:1)
  3 quokkas (D:1)
  5 bats
  2 frilled lizards
  A kobold (D:2)
  3 rats
41 creatures vanquished.

Notes
Turn   | Place    | Note
-------+----------+-------------------------------------------
     0 | D:1      | frimble the Formicid Hunter began the quest for the Orb.
     0 | D:1      | Reached XP level 1. HP: 16/16 MP: 1/1
   319 | D:1      | Reached XP level 2. HP: 23/23 MP: 2/2
   707 | D:1      | Reached XP level 3. HP: 26/28 MP: 3/3
   853 | D:1      | Found a faded altar of an unknown god.
  1195 | D:2      | Identified the +6 dagger "Beastslayer" {vorpal, *Noise
                  | rPois rC- Int+8}
  1841 | D:2      | Reached XP level 4. HP: 35/35 MP: 4/4
  2068 | D:2      | Found Osim's Assorted Antiques.
  2077 | D:2      | Identified a scroll of acquirement
  2077 | D:2      | Acquired 527 gold pieces
  2080 | D:2      | Bought a fuming emerald potion for 21 gold pieces
  2080 | D:2      | Bought a fizzy pink potion for 21 gold pieces
  2080 | D:2      | Bought a green potion for 21 gold pieces
  2391 | D:3      | Noticed Terence
  2401 | D:3      | Killed Terence
  2402 | D:3      | Reached skill level 5 in Crossbows
  2562 | D:3      | Reached XP level 5. HP: 27/41 MP: 5/5
  2656 | D:3      | Slain by a river rat

Illustrated notes

Levels and vault maps discovered:
D:1:      lightli_arrival_flooded_house, layout_basic,
          shapermc_ecumenical_altar_totnotflames, serial_park_tiny_1,
          st_stairs_12
D:2:      layout_basic, serial_shops, nicolae_lakefront_shop
D:3:      layout_rooms, serial_shops, shop, lightli_sewer_entry_pipes,
          st_stairs_4, uniq_natasha, uniq_crazy_yiuf_cottage, uniq_terence

Skill      XL: |  1  2  3  4 |
---------------+-------------+-----
Fighting       | 3 4 |  4.2
Crossbows      | 5 |  5.2
Dodging        | |  1.8
Stealth        | |  1.3

Action                   |  1- 3 |  4- 6 || total
-------------------------+-------+-------++-------
 Fire: Hand crossbow     |    94 |    56 ||   150
 Abil: Dig               |     1 |     2 ||     3
  Use: Scroll            |     1 |     2 ||     3
Armor: Leather armour    |     7 |     9 ||    16
Dodge: Dodged            |    17 |    16 ||    33

Table legend: (Time is in decaauts)
 A = Elapsed time spent in this place.
 B = Non-inter-level travel time spent in this place.
 C = Inter-level travel time spent in this place.
 D = Time resting spent in this place.
 E = Time spent auto-exploring this place.
 F = Levels seen in this place.
 G = Mean time per level.
                   A        B        C        D        E       F      G
               +--------+--------+--------+--------+--------+-----+--------+
         Total |   2735 |   2645 |     90 |      6 |   2225 |   3 |  911.7 |
       Dungeon |   2735 |   2645 |     90 |      6 |   2225 |   3 |  911.7 |
               +--------+--------+--------+--------+--------+-----+--------+

Top non-repeatable levels by time:
     D:2: 1360 daAuts
     D:1: 1057 daAuts
     D:3: 318 daAuts
